 Dungeon Crawl Stone Soup version 0.18-b1-22-ge198996 (webtiles) character file.

123 Chiseanne the Magician (level 4, -2/30 HPs)
             Began as a Demonspawn Wizard on May 4, 2016.
             Slain by a phantom (8 damage)
             ... on level 4 of the Dungeon.
             The game lasted 00:05:58 (3024 turns).

Chiseanne the Magician (Demonspawn Wizard)          Turns: 3024, Time: 00:05:59

Health: -2/30      AC:  4    Str:  8    XL:     4   Next: 79%
Magic:  0/10       EV: 12    Int: 20    God:
Gold:   82         SH:  0    Dex: 11    Spells: 5 memorised, 0 levels left

rFire  . . .     SeeInvis .     w - +1 hunting sling (flame)
rCold  . . .     Gourm    .     a - +0 robe
rNeg   . . .     Faith    .     (no shield)
rPois  .         Spirit   .     b - +0 hat
rElec  .         Dismiss  .     (no cloak)
rCorr  .         Reflect  .     h - +0 pair of gloves
SustAt .         Harm     .     (no boots)
MR     .....                    (no amulet)
Stlth  ++........               (no ring)
                                (no ring)

@: very slightly contaminated, repel missiles, not resistant to hostile
enchantments, unstealthy
A: molten scales 1
a: no special abilities


You were on level 4 of the Dungeon.
You were hungry.

You visited 1 branch of the dungeon, and saw 4 of its levels.

You collected 82 gold pieces.

Inventory:

Hand Weapons
 k - a +1 short sword
 w - a +1 hunting sling of flaming (weapon)
Missiles
 f - 36 stones (quivered)
 i - 6 tomahawks
 j - 22 arrows
 o - 10 poisoned needles
Armour
 a - a +0 robe (worn)
 b - a +0 hat (worn)
 h - a +0 pair of gloves (worn)
Scrolls
 g - a scroll of remove curse
Potions
 m - a potion of brilliance {unknown}
 n - a potion of might {unknown}
 p - a potion of agility {unknown}
 r - a potion of cure mutation {unknown}
Books
 c - a book of Minor Magic

   Spells                             Type                      Level
   a - Magic Dart                     Conjuration                  1
   b - Blink                          Translocation                2
   c - Call Imp                       Summoning                    2
   d - Repel Missiles                 Charms/Air                   2
   e - Slow                           Hexes                        2
   f - Conjure Flame                  Conjuration/Fire             3
   g - Mephitic Cloud                 Conjuration/Poison/Air       3
Comestibles
 d - 2 bread rations
 l - a slice of pizza
 t - a meat ration


   Skills:
 - Level 1.7 Dodging
 - Level 1.7 Stealth
 * Level 4.1 Spellcasting
 * Level 3.4 Conjurations
   Level 1.0 Summonings
 - Level 0.8 Translocations


You couldn't memorise any spells.
You knew the following spells:

 Your Spells              Type           Power        Failure   Level  Hunger
a - Magic Dart            Conj           ###.         3%          1    None
b - Blink                 Tloc           N/A          17%         2    #......
c - Repel Missiles        Chrm/Air       #.....       21%         2    #......
d - Mephitic Cloud        Conj/Pois/Air  #.......     24%         3    ###....
e - Conjure Flame         Conj/Fire      ##......     21%         3    ###....


Dungeon Overview and Level Annotations

Branches:
Dungeon (4/15)
 Temple: D:4-7

Altars:
Nemelex Xobeh

Annotations:
D:3 no0bjke's ghost, amateur MiBe


Innate Abilities, Weirdness & Mutations

You are partially covered in molten scales (AC +1).


Message History

Casting: Magic Dart
Confirm with . or Enter, or press ? or * to list all spells.
Aiming: Magic Dart
Press: ? - help, Shift-Dir - straight line, f/p - phantom
Aim: a phantom (moderately damaged)
The magic dart hits the phantom.
The phantom is heavily damaged.
Drink which item? (? for menu, Esc to quit)
You feel better.
The phantom hits you but does no damage.
Casting: Magic Dart
Confirm with . or Enter, or press ? or * to list all spells.
You don't have enough magic to cast that spell.
Firing (i - inventory. (,) - cycle):
f - 37 stones (quivered)
Press: ? - help, Shift-Dir - straight line, f/p - phantom
Aim: a phantom (heavily damaged)
You shoot a stone. The stone closely misses the phantom.
The phantom hits you.
* * * LOW HITPOINT WARNING * * *
The phantom hits you!
You die...

#####.#.#
#W#.#
###.#.#
#(..#.#
#.###.#
#.# #.#
#.# #.#
#W###.#
#@....#
#.#####
#.# #?#
..# $..
##.# #.#


You could see a phantom.

Vanquished Creatures
  5 adders
  2 worms
  2 dart slugs (D:1)
  4 giant geckos
  An orc (D:3)
  2 ball pythons
  4 giant cockroaches
  9 goblins
  6 hobgoblins
  5 jackals
  8 kobolds
  A quokka (D:2)
  4 bats
  A giant newt (D:1)
  8 rats
62 creatures vanquished.

Notes
Turn   | Place    | Note
--------------------------------------------------------------
     0 | D:1      | Chiseanne the Demonspawn Wizard began the quest for the Orb.
     0 | D:1      | Reached XP level 1. HP: 13/13 MP: 4/4
   107 | D:1      | Gained mutation: You are partially covered in molten scales (AC +1). [demonic ancestry]
   107 | D:1      | Reached XP level 2. HP: 1/19 MP: 3/6
   957 | D:1      | Learned a level 2 spell: Blink
   960 | D:1      | Learned a level 2 spell: Repel Missiles
  1404 | D:1      | Reached XP level 3. HP: 24/24 MP: 6/8
  2095 | D:2      | Reached XP level 4. HP: 27/30 MP: 3/9
  2393 | D:2      | Reached skill level 4 in Spellcasting
  2493 | D:2      | Found a sparkling altar of Nemelex Xobeh.
  2562 | D:2      | Learned a level 3 spell: Mephitic Cloud
  2566 | D:2      | Learned a level 3 spell: Conjure Flame
  2771 | D:3      | Noticed no0bjke's ghost (amateur MiBe)
  2972 | D:4      | Noticed a phantom
  3024 | D:4      | Slain by a phantom

Skill      XL: |  1  2  3  4 |
---------------+-------------+-----
Conjurations   | 2 3 |  3.4
Spellcasting   | 4 |  4.1
Dodging        | |  1.7
Stealth        | |  1.7
Summonings     | |  1.0
Translocations | |  0.8

Action                   |  1- 3 |  4- 6 || total
-------------------------+-------+-------++-------
Melee: Dagger            |    31 |       ||    31
       Unarmed           |     3 |       ||     3
       Short sword       |     1 |     8 ||     9
 Fire: Hunting sling     |       |    17 ||    17
 Cast: Magic Dart        |    82 |    46 ||   128
       Blink             |     2 |     2 ||     4
       Repel Missiles    |     1 |     1 ||     2
       Mephitic Cloud    |       |     2 ||     2
  Use: Scroll            |       |     4 ||     4
       Potion            |       |     1 ||     1
 Stab: Confused          |       |     1 ||     1
  Eat: Chunk             |     3 |     3 ||     6
Armor: Robe              |    15 |     5 ||    20
Dodge: Dodged            |    53 |    17 ||    70
       Deflected         |     1 |       ||     1
